 Dungeon Crawl Stone Soup version 0.29.1-2-gbd0b4ee654 (webtiles) character file.

Game seed: 2403976091530844348

1006 GorkyZ the Ducker (level 8, -9/62 HPs)
             Began as a Demonspawn Gladiator on Nov 20, 2022.
             Mangled by Pikel
             ... wielding a +0 whip of electrocution
              (17 damage)
             ... on level 5 of the Dungeon.
             The game lasted 00:15:46 (4058 turns).

GorkyZ the Ducker (Demonspawn Gladiator)            Turns: 4058, Time: 00:15:47

Health: -9/62      AC: 13    Str: 17    XL:     8   Next: 0%
Magic:  8/8        EV:  9    Int: 15    God:
Gold:   335        SH:  7    Dex: 15    Spells: 7/7 levels left

rFire   . . .      SeeInvis .   f - +2 flail (protect)
rCold   . . .      Faith    .   A - +0 kite shield
rNeg    . . .      Spirit   .   k - +0 scale mail
rPois   .          Reflect  .   c - +0 helmet
rElec   .          Harm     .   G - +0 cloak
rCorr   +          Rampage  .   h - +0 pair of gloves
Will    .....                   p - +1 pair of boots
Stlth   ..........              n - amulet of regeneration
HPRegen 1.00/turn               j - ring of resist corrosion
MPRegen 0.11/turn               s - +6 ring of intelligence

@: hasted, very quick
A: rugged brown scales 1, demonic guardian 1, foul stench 1
a: no special abilities


You were on level 5 of the Dungeon.
You visited 1 branch of the dungeon, and saw 5 of its levels.
You also visited: Sewer.

You collected 429 gold pieces.
You spent 94 gold pieces at shops.

Inventory:

Hand Weapons
 a - a +0 trident
 f - a +2 flail of protection (weapon)
 m - a +0 quarterstaff
 q - a +0 vorpal spear
 F - a +4 quarterstaff of chaos
 M - a +0 spear
Armour
 b - a +0 leather armour
 c - a +0 helmet (worn)
 h - a +0 pair of gloves (worn)
 k - a +0 scale mail (worn)
 p - a +1 pair of boots (worn)
 A - a +0 kite shield (worn)
 G - a +0 cloak (worn)
Jewellery
 j - a ring of resist corrosion (left hand)
 n - an amulet of regeneration (around neck)
 s - a +6 ring of intelligence (right hand)
Scrolls
 r - a scroll of identify
 v - 2 scrolls of vulnerability
 x - a scroll of torment {unknown}
 y - a scroll of teleportation
 C - 3 scrolls of noise {unknown}
 D - a scroll of butterflies {unknown}
 I - a scroll of magic mapping {unknown}
 K - a scroll of fear
 L - a scroll of enchant armour {unknown}
Potions
 g - 3 potions of curing
 i - 2 potions of haste
 l - a potion of might {unknown}
 o - a potion of cancellation {unknown}
 t - 3 potions of mutation {unknown}
 u - a potion of magic {unknown}
 w - a potion of heal wounds
 z - 2 potions of lignification {unknown}
 B - 2 potions of brilliance {unknown}
 E - a potion of invisibility {unknown}
 H - a potion of resistance {unknown}
 J - 2 potions of berserk rage {unknown}


   Skills:
 + Level 4.5 Fighting
 + Level 2.8(3.0) Maces & Flails
 - Level 3.0(3.1) Polearms
 - Level 1.1(2.9) Staves
 + Level 4.1 Throwing
 + Level 3.3 Armour
 + Level 4.6 Dodging


You had 7 spell levels left.
You didn't know any spells.
Your spell library contained the following spells:

 Spells                   Type           Power      Damage    Failure   Level
 Summon Forest            Summ/Tloc      0%         N/A       100%        5
 Eringya's Noxious Bog    Tmut/Pois      0%         N/A       100%        6
 Summon Hydra             Summ           0%         N/A       100%        7


Dungeon Overview and Level Annotations

Branches:
Dungeon (5/15)              Sewer (visited)
 Temple: D:4-7

Altars:
Hepliaklqana
Makhleb
Qazlal
Yredelemnul

Shops:
D:4 *

Annotations:
D:5 Pikel


Innate Abilities, Weirdness & Mutations

You are partially covered in rugged brown scales. (AC +1, +3% HP)
A weak demonic guardian rushes to your aid.
You may rarely emit foul miasma when damaged in melee.


Message History

Pikel hits you with a +0 whip of electrocution!
You thump Pikel!
Pikel is lightly wounded.
Pikel hits you with a +0 whip of electrocution.
You block the gnoll's attack.
You hit Pikel.
Pikel is moderately wounded.
Pikel barely misses you. The gnoll hits you but does no damage.
The gnoll hits you from afar with a +0 halberd.
You block Pikel's attack.
You hit Pikel but do no damage.
Pikel is moderately wounded.
Pikel hits you but does no damage. The gnoll hits you but does no damage.
You hit Pikel.
Pikel is moderately wounded.
Pikel hits you with a +0 whip of electrocution.
You are electrocuted!!
* * * LOW HITPOINT WARNING * * *
The gnoll hits you but does no damage. Pikel hits you but does no damage.
The gnoll hits you but does no damage.
Throw: throwing net
Press: ? - help, Q - select action, (/) - cycle Shift-Dir - straight line, f - Pikel
Aim: Pikel, wielding a +0 whip of electrocution and wearing a +0 robe (moderately wounded, 56% to hit)
You throw a throwing net. The throwing net barely misses Pikel.
The throwing net barely misses the lemure.
The gnoll barely misses you. Pikel completely misses you.
Throw: javelin
Press: ? - help, Q - select action Shift-Dir - straight line, f/p - Pikel
Aim: Pikel, wielding a +0 whip of electrocution and wearing a +0 robe (moderately wounded, 56% to hit)
You throw a javelin. The javelin pierces through Pikel.
Pikel is heavily wounded.
The javelin barely misses the lemure.
Pikel hits you with a +0 whip of electrocution.
* * * LOW HITPOINT WARNING * * *
A demonic guardian appears!
The gnoll barely misses you.
You feel yourself speed up.
Pikel hits you with a +0 whip of electrocution.
* * * LOW HITPOINT WARNING * * *
You are electrocuted!
You die...

######
.....###############
.....#......#......#
..^..#......#.....5#
.....'......'......#
.....#......#...@).#
.....############K##
.................g55...g#
.................Sg.....#
.............!>.........#
........>...............#
..........)...........(.#
.....#################.##
.....#.....# ..


You could see Pikel (ally target), 2 lemures, 2 gnolls, an adder and a friendly
quasit (summoned).

Vanquished Creatures
  Eustachio (D:5)
  A black bear (D:5)
  An ice beast (D:5)
  A phantom (D:4)
  A scorpion (D:5)
  A wyvern zombie (D:5)
  2 hounds (D:5)
  Crazy Yiuf (D:4)
  2 orc priests (D:3)
  A gnoll bouda (D:5)
  An orc wizard (D:4)
  6 gnolls (D:5)
  5 river rats (Sewer)
  5 adders
  A white imp (D:5)
  An adder zombie (D:5)
  2 worms
  4 dart slugs
  12 orcs
  9 ball pythons
  3 bats
  6 endoplasms
  4 giant cockroaches
  5 goblins
  5 hobgoblins
  4 jackals (D:2)
  4 kobolds
  5 quokkas
  15 frilled lizards
  15 rats
124 creatures vanquished.

Vanquished Creatures (others)
  2 plants (D:5)
  4 toadstools (D:1)
6 creatures vanquished.

Grand Total: 130 creatures vanquished

Notes
Turn   | Place    | Note
-------+----------+-------------------------------------------
     0 | D:1      | GorkyZ the Demonspawn Gladiator began the quest for the
                  | Orb.
     0 | D:1      | Reached XP level 1. HP: 16/16 MP: 1/1
   206 | D:1      | Gained mutation: You are partially covered in rugged brown
                  | scales. (AC +1, +3% HP) [demonic ancestry]
   206 | D:1      | Reached XP level 2. HP: 16/22 MP: 2/2
   889 | D:2      | Gained mutation: You may rarely emit foul miasma when
                  | damaged in melee. [demonic ancestry]
   889 | D:2      | Reached XP level 3. HP: 25/28 MP: 3/3
  1115 | D:2      | Reached skill level 1 in Armour
  1165 | D:2      | Found a faded altar of an unknown god.
  1342 | D:2      | Reached XP level 4. HP: 32/35 MP: 4/4
  1481 | D:3      | Found a stormy altar of Qazlal.
  1481 | D:3      | Noticed an earth elemental
  1481 | D:3      | Noticed a fire elemental
  1481 | D:3      | Noticed an air elemental
  1481 | D:3      | Noticed a water elemental
  1518 | D:3      | Reached skill level 1 in Staves
  1518 | D:3      | Reached XP level 5. HP: 11/41 MP: 5/5
  1868 | D:3      | Found a hazy altar of Hepliaklqana.
  2053 | D:3      | Found a glowing drain.
  2071 | Sewer    | Entered a sewer
  2651 | D:4      | Found Otzum's Assorted Antiques.
  2656 | D:4      | Bought a kite shield for 94 gold pieces
  2982 | D:4      | Reached skill level 1 in Maces & Flails
  2982 | D:4      | Reached XP level 6. HP: 48/48 MP: 6/6
  3115 | D:4      | Found a runed translucent door.
  3116 | D:4      | Noticed Crazy Yiuf
  3314 | D:4      | Found a burning altar of Makhleb.
  3316 | D:4      | Noticed a green death
  3316 | D:4      | Noticed an angel
  3474 | D:4      | Killed Crazy Yiuf
  3539 | D:5      | Entered Level 5 of the Dungeon
  3674 | D:5      | Noticed Eustachio
  3730 | D:5      | Reached XP level 7. HP: 52/54 MP: 7/7
  3735 | D:5      | Found a basalt altar of Yredelemnul.
  3814 | D:5      | Killed Eustachio
  4031 | D:5      | Noticed Pikel
  4051 | D:5      | Gained mutation: A weak demonic guardian rushes to your
                  | aid. [demonic ancestry]
  4051 | D:5      | Reached XP level 8. HP: 50/62 MP: 8/8
  4058 | D:5      | Mangled by Pikel

Illustrated notes

Levels and vault maps discovered:
D:1:      lightli_arrival_quake, layout_basic,
          amcnicky_mini_rare_corridor_liquid, minmay_gold_behind_fungi
D:2:      layout_basic, hellmonk_ecumenical_altar_run_dry,
          nicolae_kite_square_tiling_tiny, hex_medium, minmay_misc_feat_encased
D:3:      layout_basic, mainiacjoe_overflow_concentric_impassable,
          nicolae_qazlal_style_of_elements, portal_sewer_entry_f
D:4:      layout_loops_cross, grunt_temple_overflow_order_and_chaos_2,
          elyvilon_altar_1, serial_forest, infiniplex_forest_clump_small,
          infiniplex_forest_clump_small, infiniplex_forest_lined_3,
          infiniplex_forest_straight_5, infiniplex_forest_clump_small,
          infiniplex_forest_lined_room_2, serial_shops,
          nicolae_shop_temple_entry_statues_fountains, abandoned_shop,
          kennysheep_potato, uniq_crazy_yiuf_cottage
D:5:      layout_gridville, tso_metal_star, lemuel_zombie_altar_yredelemnul,
          gammafunk_temple_overflow_elements, serial_bayou_lake_a, uniq_pikel,
          uniq_eustachio

Skill      XL: |  1  2  3  4  5  6  7 |
---------------+----------------------+-----
Throwing       | 2 3 4 |  4.1
Dodging        | 3 4 |  4.6
Polearms       | 3 |  3.0
Armour         | 1 2 3 |  3.3
Staves         | 1 |  1.1
Fighting       | 3 4 |  4.5
Maces & Flails | 1 2 |  2.8

Action                   |  1- 3 |  4- 6 |  7- 9 || total
-------------------------+-------+-------+-------++-------
Melee: Trident           |    86 |       |       ||    86
       Punch             |     1 |       |       ||     1
       Quarterstaff      |    32 |    24 |       ||    56
       Flail             |       |   223 |   103 ||   326
Throw: Throwing net      |       |     2 |     2 ||     4
       Javelin           |       |       |     2 ||     2
  Use: Scroll            |       |    11 |     1 ||    12
       Potion            |       |     2 |     1 ||     3
 Stab: Held in net/web   |       |     1 |       ||     1
Armor: Leather armour    |    14 |       |       ||    14
       Scale mail        |    30 |   143 |   169 ||   342
Dodge: Dodged            |    63 |   128 |   149 ||   340
Block: Kite shield       |       |    43 |    90 ||   133
